 Dungeon Crawl Stone Soup version 0.30-a0-140-gd1020e658a (webtiles) character file.

Game seed: 14041298985388514887

127 Bnni the Trooper (level 4, -5/37 HPs)
             Began as a Demonspawn Fighter on Sept 24, 2022.
             Was an Initiate of Yredelemnul.
             Killed from afar by an orc wizard (10 damage)
             ... with a magic dart
             ... on level 3 of the Dungeon.
             The game lasted 00:03:10 (1863 turns).

Bnni the Trooper (Demonspawn Fighter)               Turns: 1863, Time: 00:03:11

Health: -5/37      AC:  7    Str: 25    XL:     4   Next: 85%
Magic:  4/4        EV: 10    Int:  9    God:    Yredelemnul [......]
Gold:   123        SH:  4    Dex: 12    Spells: 3/3 levels left

rFire   . . .      SeeInvis .    a - +0 trident
rCold   . . .      Faith    .    c - +0 buckler
rNeg    . . .      Spirit   .    b - +0 scale mail
rPois   .          Reflect  .    (no helmet)
rElec   .          Harm     .    s - +0 cloak
rCorr   .          Rampage  .    (no gloves)
Will    +....                    (no boots)
Stlth   +.........               (no amulet)
HPRegen 0.12/turn                j - +6 ring of strength
MPRegen 0.09/turn                q - ring of willpower

@: no status effects
A: powered by pain 1, sturdy frame 2
a: Renounce Religion, Recall Undead Harvest


You were on level 3 of the Dungeon.
You worshipped Yredelemnul.
Yredelemnul was noncommittal.
You visited 1 branch of the dungeon, and saw 3 of its levels.

You collected 123 gold pieces.

Inventory:

Hand Weapons
 a - a +0 trident (weapon)
Armour
 b - a +0 scale mail (worn)
 c - a +0 buckler (worn)
 k - a scarf of invisibility
 s - a +0 cloak (worn)
Jewellery
 j - a +6 ring of strength (left hand)
 q - a ring of willpower (right hand)
Scrolls
 h - a scroll of magic mapping {unknown}
 l - 3 scrolls of identify {unknown}
 m - 3 scrolls of fog {unknown}
 r - a scroll of amnesia {unknown}
 u - a scroll of poison {unknown}
Potions
 d - a potion of might
 e - 2 potions of attraction {unknown}
 f - a potion of cancellation {unknown}
 g - a potion of flight {unknown}
 i - 2 potions of heal wounds {unknown}
 n - 2 potions of haste {unknown}
 o - 2 potions of curing {unknown}
 p - 2 potions of berserk rage {unknown}
 t - a potion of brilliance {unknown}


   Skills:
 + Level 4.0 Fighting
 * Level 3.9 Polearms
 - Level 2.6 Armour
 - Level 2.6 Shields
 + Level 0.5 Invocations


You had 3 spell levels left.
You didn't know any spells.
Your spell library contained the following spells:

 Spells                   Type           Power      Damage    Failure   Level
 Sandblast                Erth           0%         2d4       58%         1
 Passwall                 Tmut/Erth      0%         N/A       73%         2
 Stone Arrow              Conj/Erth      0%         3d7       91%         3


Dungeon Overview and Level Annotations

Branches:
Dungeon (3/15)

Altars:
Yredelemnul


Innate Abilities, Weirdness & Mutations

You sometimes gain a little power by taking damage.
Your movements are less encumbered by armour. (ER -4)


Message History

Your orc zombie hits the orc.
Your orc zombie barely misses the orc.
Something hits you.
Reach: a) +0 trident
Press: ? - help, Dir - move target, f/p - orc
Aim: an orc, wielding a +0 club (lightly wounded, ally target, about 41% to evade your +0 trident)
Something you can't see is in the way.
You barely miss something.
Your orc zombie hits the orc.
Your orc zombie closely misses the orc.
Something hits you.
* * * LOW HITPOINT WARNING * * *
Reach: a) +0 trident
Press: ? - help, Dir - move target, f/p - orc
Aim: an orc, wielding a +0 club (moderately wounded, ally target, about 41% to evade your +0 trident)
Something you can't see is in the way.
You hit something but do no damage.
Your orc zombie hits the orc.
Your orc zombie barely misses the orc.
You hear some strange, mumbled words.
A magic dart appears from out of thin air!
The magic dart hits you.
* * * LOW HITPOINT WARNING * * *
You puncture something! Something hits you but does no damage.
Your orc zombie barely misses the orc. x2
Unknown command.
Okay, then.
You hit something. Something hits you.
* * * LOW HITPOINT WARNING * * *
Your orc zombie hits the orc. x2
You barely miss something.
The orc hits your orc zombie with a +0 club.
Something hits you but does no damage.
Your orc zombie misses the orc.
Your orc zombie barely misses the orc.
The orc hits your orc zombie with a +0 club.
Something hits you but does no damage.
You miss something.
Your orc zombie hits the orc. x2
The orc dies!
Something hits you but does no damage.
You completely miss something.
You hear some strange, mumbled words.
A magic dart appears from out of thin air!
The magic dart hits you!
You die...
Your body rises from the dead as a mindless zombie.

# ##.. #### #....
.....#### ##..#.. #....#
.......
###.########..[....
..######.......@{ZZ.......
.......<....######........
................ .#.......
..###....###.####. ...#...
#...## .# #. ...# .. #.#..
.. .. ?.... . ...##. ...
.. ...#.. #.. . ......
.###.. ... ..


You could see 2 friendly orc zombies.

Vanquished Creatures
  An iguana (D:2)
  Robin (D:2)
  3 adders
  4 dart slugs
  3 orcs (D:3)
  4 bats
  3 endoplasms
  3 giant cockroaches
  3 goblins
  8 hobgoblins
  3 jackals (D:1)
  A quokka (D:1)
  3 ball pythons
  A frilled lizard (D:1)
  3 kobolds
  4 rats
48 creatures vanquished.

Vanquished Creatures (collateral kills)
  An orc (D:3)
  A goblin (D:2)
2 creatures vanquished.

Vanquished Creatures (others)
  A giant cockroach zombie (D:2)
  A hobgoblin zombie (D:2)
  A rat zombie (D:2)
3 creatures vanquished.

Grand Total: 53 creatures vanquished

Notes
Turn   | Place    | Note
-------+----------+-------------------------------------------
     0 | D:1      | Bnni the Demonspawn Fighter began the quest for the Orb.
     0 | D:1      | Reached XP level 1. HP: 18/18 MP: 1/1
   186 | D:1      | Gained mutation: Your movements are slightly less
                  | encumbered by armour. (ER -2) [demonic ancestry]
   186 | D:1      | Reached XP level 2. HP: 18/24 MP: 2/2
   338 | D:1      | You fall into a shaft and drop 1 floor!
   391 | D:2      | Gained mutation: Your movements are less encumbered by
                  | armour. (ER -4) [demonic ancestry]
   391 | D:2      | Reached XP level 3. HP: 24/29 MP: 3/3
   520 | D:1      | Found a faded altar of an unknown god.
  1325 | D:2      | Found a basalt altar of Yredelemnul.
  1343 | D:2      | Became a worshipper of Yredelemnul the Dark
  1467 | D:2      | Gained mutation: You sometimes gain a little power by
                  | taking damage. [demonic ancestry]
  1467 | D:2      | Reached XP level 4. HP: 37/37 MP: 4/4
  1522 | D:2      | Noticed Robin
  1535 | D:2      | Killed Robin
  1535 | D:2      | Reached * piety under Yredelemnul
  1539 | D:2      | Your ally Robin died
  1852 | D:3      | Reached skill level 4 in Fighting
  1863 | D:3      | Killed from afar by an orc wizard

Illustrated notes

Levels and vault maps discovered:
D:1:      dpeg_arrival_concentric_ovals, layout_basic,
          hellmonk_ecumenical_altar_defaced_shrine
D:2:      layout_loops_ring, basic_altar, uniq_robin
D:3:      layout_rooms, minivault_19, minmay_misc_feat_roman

Skill      XL: |  1  2  3  4 |
---------------+-------------+-----
Polearms       | 2 3 |  3.9
Fighting       | 4 |  4.0
Armour         | |  2.6
Shields        | |  2.6
Invocations    | |  0.5

Action                   |  1- 3 |  4- 6 || total
-------------------------+-------+-------++-------
Melee: Trident           |   100 |    53 ||   153
 Stab: Distracted        |       |     1 ||     1
Armor: Scale mail        |    48 |    18 ||    66
Dodge: Dodged            |    32 |    13 ||    45
Block: Buckler           |    22 |     6 ||    28

Table legend: (Time is in decaauts)
 A = Elapsed time spent in this place.
 B = Non-inter-level travel time spent in this place.
 C = Inter-level travel time spent in this place.
 D = Time resting spent in this place.
 E = Time spent auto-exploring this place.
 F = Levels seen in this place.
 G = Mean time per level.
                   A        B        C        D        E       F      G
               +--------+--------+--------+--------+--------+-----+--------+
         Total |   1892 |   1847 |     45 |      0 |   1480 |   3 |  630.7 |
       Dungeon |   1892 |   1847 |     45 |      0 |   1480 |   3 |  630.7 |
               +--------+--------+--------+--------+--------+-----+--------+

Top non-repeatable levels by time:
     D:2: 928 daAuts
     D:1: 914 daAuts
     D:3: 48 daAuts
